Map: Triton LE

Players

Dark - Winner!

  • Race: Zerg Zerg
  • Spawn Location: 5:00

Reynor

  • Race: Zerg Zerg
  • Spawn Location: 11:00

Event: 2019 WCS Global FInals

VOD

Have the link to the VOD?

Description

Time

  • Played on: Nov. 2, 2019, 12:51 a.m.
  • Length: 8:22

All games in this series

Show
View Real Time Build Order
Export as new Build Order

Dark Zerg - Winner!

Build Orders: Hatch First 

Get SALT Encoding   

  12  0:00  Drone  
  13  0:12  Overlord  
  13  0:16  Drone  
  14  0:30  Drone x2  
  16  0:48  Hatchery  
  15  0:51  Drone  
  15  0:55  Drone  
  17  0:59  Drone  
  18  1:08  Extractor  
  17  1:13  Spawning Pool  
  17  1:16  Drone  
  17  1:19  Drone  
  18  1:30  Drone  
  19  1:41  Drone  
  20  1:48  Drone  
  21  2:01  Queen x2  
  21  2:02  Drone  
  21  2:04  Overlord  
  26  2:11  Drone  
  26  2:12  Drone  
  26  2:13  Metabolic Boost  
  28  2:23  Drone  
  28  2:24  Drone  
  30  2:32  Drone  
  30  2:33  Drone  
  32  2:38  Hatchery  
  32  2:44  Queen  
  33  2:52  Overlord  
  33  2:53  Drone  
  33  2:57  Baneling Nest  
  33  2:58  Zergling x2  
  33  3:01  Zergling x2  
  35  3:09  Drone  
  35  3:10  Zergling x2  
  35  3:12  Drone x3  
  40  3:15  Overlord  
  40  3:20  Drone x2  
  40  3:22  Drone  
  40  3:25  Drone  
  44  3:40  Baneling x2  
  44  3:42  Zergling x12  
  49  3:49  Zergling x2  
  50  3:56  Extractor  
  50  3:57  Overlord  
  50  3:58  Drone x3  
  52  4:04  Drone  
  52  4:05  Drone  
  52  4:09  Drone  
  55  4:14  Evolution Chamber  
  55  4:15  Drone  
  55  4:16  Drone  
  56  4:19  Drone  
  56  4:20  Drone  
  56  4:22  Baneling x2, Drone  
  56  4:23  Drone x3  
  56  4:24  Baneling x2  
  62  4:27  Zergling x8  
  62  4:28  Overlord  
  66  4:34  Roach Warren  
  66  4:35  Lair  
  66  4:37  Extractor  
  66  4:38  Drone x2  
  66  4:39  Extractor  
  66  4:41  Baneling  
  66  4:44  Zerg Missile Weapons Level 1  
  65  4:46  Drone  
  65  4:47  Drone x3  
  65  4:50  Drone  
  69  4:59  Drone x2  
  69  5:03  Drone x5  
  69  5:04  Overlord  
  74  5:07  Overlord  
  74  5:13  Drone  
  71  5:25  Roach x6  
  80  5:30  Drone  
  80  5:31  Drone  
  80  5:34  Roach x2  
  85  5:35  Drone  
  85  5:36  Glial Reconstitution  
  85  5:37  Overlord, Extractor  
  85  5:38  Extractor  
  85  5:39  Baneling, Roach x2  
  85  5:41  Roach  
  88  6:00  Overlord, Nydus Network  
  95  6:04  Roach x4  
  95  6:05  Overlord  
  95  6:06  Overlord  
  95  6:07  Overlord  
  95  6:08  Overlord x2  
  95  6:09  Overlord  
  95  6:10  Overlord, Overseer  
  95  6:12  Roach  
  95  6:15  Overlord  
  97  6:20  Roach x2  
  97  6:21  Roach  
  97  6:22  Roach  
  105  6:26  Roach  
  105  6:30  Roach  
  108  6:33  Roach x4  
  108  6:39  Roach  
  118  6:43  Roach x2  
  118  6:44  Roach x4  
  118  6:45  Nydus Canal  
  130  6:47  Overlord  
  130  6:52  Overlord  
  130  6:55  Overlord  
  130  6:59  Nydus Canal  
  130  7:01  Roach x2  
  130  7:02  Roach x2  
  130  7:04  Overseer  
  130  7:05  Roach  
  130  7:07  Roach  
  138  7:08  Roach  
  138  7:12  Roach x2  
  138  7:13  Nydus Canal  
  138  7:16  Roach  
  138  7:20  Ravager x3  
  138  7:22  Ravager, Roach  
  144  7:27  Nydus Canal  
  140  7:31  Roach x4  
  140  7:33  Roach  
  140  7:36  Roach  
  152  7:38  Roach  
  152  7:42  Nydus Canal  
  151  7:45  Roach  
  151  7:47  Roach x3  
  153  7:52  Roach  
  153  7:54  Roach  
  153  7:56  Roach  
  153  7:57  Roach x2  
  151  7:59  Nydus Canal  
  151  8:01  Roach  
  145  8:12  Nydus Canal  
Show
View Real Time Build Order
Export as new Build Order

Reynor Zerg 

Build Orders: Hatch First 

Get SALT Encoding   

  12  0:00  Drone  
  13  0:12  Overlord  
  13  0:17  Drone  
  14  0:30  Drone x2  
  16  0:48  Hatchery  
  15  0:51  Drone  
  15  0:55  Drone  
  17  0:58  Drone  
  18  1:09  Extractor  
  17  1:13  Spawning Pool  
  17  1:16  Drone  
  17  1:20  Drone  
  18  1:28  Drone  
  19  1:38  Drone  
  20  1:50  Overlord  
  20  2:00  Drone x2, Queen x2  
  26  2:11  Drone x2  
  26  2:13  Metabolic Boost  
  28  2:21  Drone x2  
  30  2:33  Hatchery  
  30  2:35  Drone  
  30  2:38  Drone  
  30  2:42  Zergling x2  
  30  2:44  Drone  
  33  2:47  Baneling Nest  
  32  2:53  Overlord  
  32  2:56  Zergling x2  
  33  3:00  Queen  
  33  3:04  Drone  
  36  3:12  Drone  
  37  3:13  Zergling x4  
  37  3:14  Overlord, Drone  
  37  3:17  Zergling x2  
  37  3:19  Drone  
  42  3:21  Drone  
  42  3:23  Drone  
  44  3:32  Baneling  
  44  3:33  Overlord  
  44  3:34  Drone  
  44  3:41  Drone x2  
  47  3:44  Drone x2  
  47  3:46  Zergling x2  
  47  3:48  Evolution Chamber  
  51  3:52  Zergling x2  
  51  3:53  Drone  
  51  3:56  Drone  
  51  3:59  Lair  
  52  4:03  Drone  
  52  4:05  Drone  
  52  4:06  Drone  
  52  4:07  Roach Warren  
  52  4:09  Drone  
  54  4:10  Drone x2  
  54  4:12  Drone x2  
  54  4:13  Drone  
  54  4:14  Drone  
  60  4:18  Zerg Missile Weapons Level 1  
  60  4:21  Overlord  
  60  4:22  Drone  
  61  4:24  Extractor  
  61  4:25  Drone, Extractor  
  61  4:26  Drone  
  61  4:29  Drone  
  61  4:30  Drone  
  63  4:31  Baneling  
  63  4:32  Baneling  
  63  4:33  Drone  
  63  4:34  Drone  
  63  4:37  Overlord  
  65  4:39  Overlord  
  65  4:44  Zergling x4  
  67  4:47  Overlord  
  67  4:50  Drone x3  
  67  4:52  Drone  
  71  4:57  Zergling x6  
  71  4:58  Drone  
  71  4:59  Drone x2  
  70  5:05  Zergling x2  
  67  5:09  Zergling x4  
  67  5:11  Zergling x2  
  67  5:12  Zergling x2  
  67  5:13  Zergling x4  
  72  5:19  Zergling x2  
  69  5:22  Drone x2  
  69  5:26  Glial Reconstitution  
  69  5:28  Drone  
  68  5:30  Drone, Extractor  
  68  5:32  Extractor  
  68  5:35  Roach x4  
  73  5:42  Roach  
  76  5:43  Drone  
  76  5:44  Drone  
  76  5:52  Roach  
  76  5:54  Drone x3  
  76  5:55  Drone x3  
  83  5:58  Roach  
  85  6:04  Overlord  
  85  6:05  Roach  
  85  6:08  Drone  
  88  6:11  Roach  
  88  6:12  Extractor, Roach x2  
  88  6:17  Roach x2  
  95  6:22  Drone  
  93  6:26  Roach x3  
  93  6:30  Drone x3  
  93  6:31  Drone  
  103  6:35  Roach  
  103  6:39  Overlord  
  104  6:41  Roach, Spine Crawler x2  
  104  6:43  Overlord  
  104  6:44  Roach  
  105  6:51  Overlord  
  105  6:54  Overlord  
  105  6:58  Roach x4  
  105  7:00  Roach  
  109  7:03  Roach x3  
  109  7:08  Roach x5  
  117  7:13  Roach  
  117  7:15  Roach  
  117  7:19  Roach  
  117  7:20  Roach  
  117  7:21  Roach  
  117  7:22  Roach x2  
  124  7:25  Roach  
  124  7:28  Roach  
  126  7:34  Roach  
  126  7:36  Roach  
  130  7:38  Roach x6  
  130  7:41  Overlord  
  134  7:45  Roach Warren  
  134  7:49  Overlord  
  131  7:52  Zergling x8  
  131  7:53  Zergling x2  
  132  7:59  Zergling x2  
  132  8:00  Zergling x2  
Tags
 
Add a new tag
Caveats
  • Supply blocks, unpowered buildings, or Contaminate may cause inaccurate times.
  • Supply counts are checked every 10 seconds.